 Dungeon Crawl Stone Soup version 0.25.1-2-g60ff931df9 (webtiles) character file.

Game seed: 13195943419906849010

214 Joeren the Firebug (level 6, -2/41 HPs)
             Began as a Formicid Fire Elementalist on Aug 29, 2020.
             Was an Initiate of Sif Muna.
             Slain by a worker ant (5 damage)
             ... on level 4 of the Dungeon.
             The game lasted 00:25:23 (4265 turns).

Joeren the Firebug (Formicid Fire Elementalist)     Turns: 4265, Time: 00:25:24

Health: -2/41      AC:  3    Str: 17 (18) XL:     6   Next: 14%
Magic:  6/10       EV: 12    Int: 14 (17) God:    Sif Muna [......]
Gold:   214        SH:  0    Dex: 10 (11) Spells: 3/11 levels left

rFire    . . .     SeeInvis +   a - +1 dagger (speed)
rCold    . . .     Gourm    .   (no shield)
rNeg     . . .     Faith    .   o - +0 robe
rPois    .         Spirit   .   (helmet unavailable)
rElec    .         Reflect  .   (no cloak)
rCorr    .         Harm     .   f - +0 pair of gloves
MR       +....                  (no boots)
Stlth    ++........             (no amulet)
HPRegen  0.13/turn              s - +6 ring of strength
MPRegen  0.12/turn              v - ring of protection from magic

@: very slightly contaminated
A: permanent stasis, dig shafts and tunnels, four strong arms, antennae 3
a: Dig, Shaft Self, Renounce Religion


You were on level 4 of the Dungeon.
You worshipped Sif Muna.
Sif Muna was noncommittal.
You were not hungry.

You visited 1 branch of the dungeon, and saw 4 of its levels.

You collected 214 gold pieces.

Inventory:

Hand Weapons
 a - a +1 dagger of speed (weapon)
 i - a +0 short sword
 p - a +0 dagger
 u - a +0 flail of holy wrath
Missiles
 h - 111 stones
 r - 3 boomerangs (quivered)
Armour
 f - a +0 pair of gloves (worn)
 o - a +0 robe (worn)
Jewellery
 m - an uncursed amulet of guardian spirit
 s - a +6 ring of strength (left hand)
 v - a ring of protection from magic (right hand)
Scrolls
 b - a scroll of enchant armour {unknown}
 d - 2 scrolls of enchant weapon {unknown}
 e - 4 scrolls of identify {unknown}
 g - 2 scrolls of fear {unknown}
 j - a scroll of immolation {unknown}
 k - 2 scrolls of blinking {unknown}
 n - a scroll of remove curse {unknown}
 q - a scroll of teleportation {unknown}
Comestibles
 c - 5 rations


   Skills:
 - Level 1.7 Dodging
 - Level 2.4 Stealth
 - Level 3.0 Spellcasting
 + Level 3.3 Conjurations
 + Level 4.7 Fire Magic


You had 3 spell levels left.
You knew the following spells:

 Your Spells              Type           Power        Failure   Level  Hunger
a - Foxfire               Conj/Fire      ##..         4%          1    #......
b - Conjure Flame         Conj/Fire      ##......     12%         3    ###....
c - Sticky Flame          Conj/Fire      ##......     38%         4    #####..

Your spell library contained the following spells:

 Spells                   Type           Power        Failure   Level  Hunger
 Inner Flame              Hex/Fire       #.......     24%         3    ###....
 Fireball                 Conj/Fire      ##........   75%         5    ######.


Dungeon Overview and Level Annotations

Branches:
Dungeon (4/15)
 Temple: D:4-7

Altars:
Elyvilon
Sif Muna
Uskayaw

Annotations:
D:3 exclusion: downstairs


Innate Abilities, Weirdness & Mutations

You cannot be hasted, slowed, berserked, paralysed or teleported.
You can dig through walls and to a lower floor.
Your four strong arms can wield two-handed weapons with a shield.
You have a pair of large antennae on your head. (SInv)


Message History

The worker ant is heavily wounded.
The foxfire hits the worker ant.
The worker ant is severely wounded.
The worker ant misses you.
The foxfire hits the worker ant.
The worker ant is almost dead.
The worker ant bites you.
* * * LOW HITPOINT WARNING * * *
Casting: Foxfire (safe; 3% risk of failure)
Confirm with . or Enter, or press ? or * to list all spells.
You conjure some foxfire!
The worker ant bites you.
* * * LOW HITPOINT WARNING * * *
The foxfire hits the worker ant but does no damage.
The worker ant is almost dead.
The foxfire hits the worker ant.
The worker ant is almost dead.
It was a potion of degeneration.
There was something very wrong with that liquid.
You feel weakened.
You feel dopey.
You feel clumsy. The worker ant bites you.
You die...

#.## .# #...
.# ####.#)##
.# ........#
.# #.#.#.##
.# #......#
.#
#.#.#@a##.#
#....ยง.><.#
#...#######
.....# ###.#
#. #


You could see a worker ant.

Vanquished Creatures
  An orc wizard (D:3)
  10 adders
  2 oozes
  2 worms (D:2)
  4 dart slugs
  2 leopard geckos
  6 orcs (D:3)
  2 giant cockroaches
  7 hobgoblins
  4 jackals (D:2)
  3 kobolds
  2 ball pythons (D:2)
  7 bats
  3 frilled lizards (D:1)
  8 goblins
  11 rats
74 creatures vanquished.

Vanquished Creatures (collateral kills)
  A hobgoblin (D:2)
1 creature vanquished.

Vanquished Creatures (others)
  An orc (D:3)
  283 foxfires
284 creatures vanquished.

Grand Total: 359 creatures vanquished

Notes
Turn   | Place    | Note
-------+----------+-------------------------------------------
     0 | D:1      | Joeren the Formicid Fire Elementalist began the quest for
                  | the Orb.
     0 | D:1      | Reached XP level 1. HP: 13/13 MP: 3/3
   121 | D:1      | Reached skill level 1 in Conjurations
   240 | D:1      | Reached XP level 2. HP: 19/19 MP: 0/5
   607 | D:1      | Reached XP level 3. HP: 24/24 MP: 1/6
   661 | D:1      | Learned a level 3 spell: Conjure Flame
   863 | D:2      | Noticed a sky beast
  1180 | D:2      | Reached XP level 4. HP: 30/30 MP: 3/8
  1827 | D:2      | Reached skill level 4 in Fire Magic
  2107 | D:2      | Reached XP level 5. HP: 35/35 MP: 6/9
  2223 | D:2      | Learned a level 4 spell: Sticky Flame
  2429 | D:2      | You fall into a shaft and drop 1 floor!
  3054 | D:3      | Found a hide-covered altar of Uskayaw.
  3093 | D:3      | Found a white marble altar of Elyvilon.
  3251 | D:3      | Found a shimmering blue altar of Sif Muna.
  3258 | D:3      | Became a worshipper of Sif Muna the Loreminder
  3513 | D:4      | Noticed a phantom
  3790 | D:3      | Reached XP level 6. HP: 38/41 MP: 5/10
  4265 | D:4      | Slain by a worker ant

Illustrated notes

Levels and vault maps discovered:
D:1:      saegor_arrival_simple_b, layout_rooms
D:2:      layout_rooms, minmay_between
D:3:      layout_loops_corners, elyvilon_altar_4, lemuel_coloured_pillars_altar,
          lemuel_blue_sif_altar
D:4:      layout_loops_ring, temple_statues, serial_shops, kennysheep_mini_moat,
          serial_glass, glass_columns_a, glass_columns_a, due_unseen_surprise,
          feat_on_display, item_on_display_a, feat_on_display,
          ebering_ghost_rock_garden

Skill      XL: |  1  2  3  4  5 |
---------------+----------------+-----
Conjurations   | 1 2 3 |  3.3
Spellcasting   | 3 |  3.0
Fire Magic     | 4 |  4.7
Dodging        | |  1.7
Stealth        | |  2.4

Action                   |  1- 3 |  4- 6 || total
-------------------------+-------+-------++-------
Melee: Unarmed           |     1 |       ||     1
       Short sword       |     9 |     2 ||    11
       Dagger            |       |    34 ||    34
Throw: Stone             |     2 |     9 ||    11
       Boomerang         |       |     1 ||     1
 Cast: Foxfire           |    54 |   124 ||   178
       Conjure Flame     |       |     5 ||     5
 Abil: Shaft Self        |       |     1 ||     1
  Use: Potion            |       |     3 ||     3
  Eat: Chunk             |     1 |     8 ||     9
       Ration            |       |     1 ||     1
Armor: Robe              |     1 |    23 ||    24
Dodge: Dodged            |     3 |    46 ||    49
